Workbook

Sheet Assumptions
A1: CURRENT ENERGY & PRODUCTION | D1: ANTICIPATED CHANGES WITH PROJECT | G1: PROJECT FINANCIALS
A2: Current natural gas (NG) use | B2: 80000 | C2: MMBtu/year | D2: Expected NG reduction | E2: 0.2 | G2: Equipment | H2: 280000 | I2: total capital | J2: =H2+H3+H4+H5 -> 500000
A3: Annual production | B3: 100000 | C3: units | D3: Additional electricity | E3: 100 | F3: MWH/year | G3: Installation | H3: 140000 | I3: net capital | J3: =J2-H6 -> 450000
A4: Gas price | B4: 6 | C4: $/MMBTu | D4: Additional maintenance | E4: 12000 | F4: $/year | G4: Engineering and commissioning | H4: 40000
A5: Electricity prices | B5: 80 | C5: $/MWh | G5: Contingency | H5: 40000
G6: Utility incentive | H6: 50000
G7: Project life | H7: 10 | I7: year
G8: Discount rate | H8: 0.08
G9: Residual value in year 10 | H9: 20000
A10: Investment | B10: =SUM(H2:H5) -> 500000
A11: Net investment | B11: =B10-H6 -> 450000
A12: Annual NG reduction savings | B12: =(B2*E2)*B4 -> 96000
A13: Annual electricity cost increase | B13: =E3*B5 -> 8000
A14: Additional maintenance | B14: =E4 -> 12000
A15: Net savings annual | B15: =B12-B13-B14 -> 76000
A16: =G9 -> Residual value in year 10 | B16: =H9 -> 20000

Sheet Sheet1
A1: Life | B1: =Assumptions!H7 -> 10 | C1: years | D1: NPV | E1: =L17 -> 69230.056 | G1: Simple payback | H1: =G19 -> 5.9210526
A2: Discount rate | B2: =Assumptions!H8 -> 0.08 | G2: Discounted payback | H2: =M19 -> 8.3486538
B5: Un-discounted | H5: Discounted
A6: Year | B6: Inflow | C6: revenue/ outflow | D6: Salvage/ scrap/ residual/ outflow | E6: Total outflow | F6: Cumulative flow | G6: Simple payback period | H6: Discounted inflow | I6: revenue/ outflow | J6: Salvage/ scrap/ residual/ outflow | K6: Discounted outflow | L6: Cumulative discounted flow | M6: Discounted payback period
A7: 0 | B7: =-Assumptions!B11 -> -450000 | E7: =C7+D7 -> 0 | F7: =SUM(B7:E7) -> -450000 | H7: =B7 -> -450000 | I7: =C7 -> 0 | J7: =D7 -> 0 | K7: =I7+J7 -> 0 | L7: =SUM(H7:K7) -> -450000
A8: 1 | C8: =Assumptions!B15 -> 76000 | E8: =C8+D8 -> 76000 | F8: =F7+E8 -> -374000 | G8: =IF(AND(F7<0,F8>0),A7+(-F7/E8),"") | H8: =B8*1/POWER((1+$B$2),$A8) -> 0 | I8: =C8*1/POWER((1+$B$2),$A8) -> 70370.37 | J8: =D8*1/POWER((1+$B$2),$A8) -> 0 | K8: =I8+J8 -> 70370.37 | L8: =L7+K8 -> -379629.63 | M8: =IF(AND(L7<0,L8>0),A7+(-L7/K8),"")
A9: 2 | C9: =C8 -> 76000 | E9: =C9+D9 -> 76000 | F9: =F8+E9 -> -298000 | G9: =IF(AND(F8<0,F9>0),A8+(-F8/E9),"") | H9: =B9*1/POWER((1+$B$2),$A9) -> 0 | I9: =C9*1/POWER((1+$B$2),$A9) -> 65157.75 | J9: =D9*1/POWER((1+$B$2),$A9) -> 0 | K9: =I9+J9 -> 65157.75 | L9: =L8+K9 -> -314471.88 | M9: =IF(AND(L8<0,L9>0),A8+(-L8/K9),"")
A10: 3 | C10: =C9 -> 76000 | E10: =C10+D10 -> 76000 | F10: =F9+E10 -> -222000 | G10: =IF(AND(F9<0,F10>0),A9+(-F9/E10),"") | H10: =B10*1/POWER((1+$B$2),$A10) -> 0 | I10: =C10*1/POWER((1+$B$2),$A10) -> 60331.25 | J10: =D10*1/POWER((1+$B$2),$A10) -> 0 | K10: =I10+J10 -> 60331.25 | L10: =L9+K10 -> -254140.63 | M10: =IF(AND(L9<0,L10>0),A9+(-L9/K10),"")
A11: 4 | C11: =C10 -> 76000 | E11: =C11+D11 -> 76000 | F11: =F10+E11 -> -146000 | G11: =IF(AND(F10<0,F11>0),A10+(-F10/E11),"") | H11: =B11*1/POWER((1+$B$2),$A11) -> 0 | I11: =C11*1/POWER((1+$B$2),$A11) -> 55862.269 | J11: =D11*1/POWER((1+$B$2),$A11) -> 0 | K11: =I11+J11 -> 55862.269 | L11: =L10+K11 -> -198278.36 | M11: =IF(AND(L10<0,L11>0),A10+(-L10/K11),"")
A12: 5 | C12: =C11 -> 76000 | E12: =C12+D12 -> 76000 | F12: =F11+E12 -> -70000 | G12: =IF(AND(F11<0,F12>0),A11+(-F11/E12),"") | H12: =B12*1/POWER((1+$B$2),$A12) -> 0 | I12: =C12*1/POWER((1+$B$2),$A12) -> 51724.323 | J12: =D12*1/POWER((1+$B$2),$A12) -> 0 | K12: =I12+J12 -> 51724.323 | L12: =L11+K12 -> -146554.04 | M12: =IF(AND(L11<0,L12>0),A11+(-L11/K12),"")
A13: 6 | C13: =C12 -> 76000 | E13: =C13+D13 -> 76000 | F13: =F12+E13 -> 6000 | G13: =IF(AND(F12<0,F13>0),A12+(-F12/E13),"") -> 5.9210526 | H13: =B13*1/POWER((1+$B$2),$A13) -> 0 | I13: =C13*1/POWER((1+$B$2),$A13) -> 47892.892 | J13: =D13*1/POWER((1+$B$2),$A13) -> 0 | K13: =I13+J13 -> 47892.892 | L13: =L12+K13 -> -98661.146 | M13: =IF(AND(L12<0,L13>0),A12+(-L12/K13),"")
A14: 7 | C14: =C13 -> 76000 | E14: =C14+D14 -> 76000 | F14: =F13+E14 -> 82000 | G14: =IF(AND(F13<0,F14>0),A13+(-F13/E14),"") | H14: =B14*1/POWER((1+$B$2),$A14) -> 0 | I14: =C14*1/POWER((1+$B$2),$A14) -> 44345.27 | J14: =D14*1/POWER((1+$B$2),$A14) -> 0 | K14: =I14+J14 -> 44345.27 | L14: =L13+K14 -> -54315.875 | M14: =IF(AND(L13<0,L14>0),A13+(-L13/K14),"")
A15: 8 | C15: =C14 -> 76000 | E15: =C15+D15 -> 76000 | F15: =F14+E15 -> 158000 | G15: =IF(AND(F14<0,F15>0),A14+(-F14/E15),"") | H15: =B15*1/POWER((1+$B$2),$A15) -> 0 | I15: =C15*1/POWER((1+$B$2),$A15) -> 41060.435 | J15: =D15*1/POWER((1+$B$2),$A15) -> 0 | K15: =I15+J15 -> 41060.435 | L15: =L14+K15 -> -13255.44 | M15: =IF(AND(L14<0,L15>0),A14+(-L14/K15),"")
A16: 9 | C16: =C15 -> 76000 | E16: =C16+D16 -> 76000 | F16: =F15+E16 -> 234000 | G16: =IF(AND(F15<0,F16>0),A15+(-F15/E16),"") | H16: =B16*1/POWER((1+$B$2),$A16) -> 0 | I16: =C16*1/POWER((1+$B$2),$A16) -> 38018.922 | J16: =D16*1/POWER((1+$B$2),$A16) -> 0 | K16: =I16+J16 -> 38018.922 | L16: =L15+K16 -> 24763.481 | M16: =IF(AND(L15<0,L16>0),A15+(-L15/K16),"") -> 8.3486538
A17: 10 | C17: =C16 -> 76000 | D17: =Assumptions!B16 -> 20000 | E17: =C17+D17 -> 96000 | F17: =F16+E17 -> 330000 | G17: =IF(AND(F16<0,F17>0),A16+(-F16/E17),"") | H17: =B17*1/POWER((1+$B$2),$A17) -> 0 | I17: =C17*1/POWER((1+$B$2),$A17) -> 35202.705 | J17: =D17*1/POWER((1+$B$2),$A17) -> 9263.8698 | K17: =I17+J17 -> 44466.575 | L17: =L16+K17 -> 69230.056 | M17: =IF(AND(L16<0,L17>0),A16+(-L16/K17),"")
L18: Total NPV
A19: Sum | B19: =SUM(B7:B17) -> -450000 | C19: =SUM(C7:C17) -> 760000 | D19: =SUM(D7:D17) -> 20000 | G19: =SUM(G7:G17) -> 5.9210526 | H19: =SUM(H7:H17) -> -450000 | I19: =SUM(I7:I17) -> 509966.19 | J19: =SUM(J7:J17) -> 9263.8698 | M19: =SUM(M7:M17) -> 8.3486538
B21: IRR | C21: =IRR(B7:D17) -> 0.11203866 | D21: ROI (simple) | E21: =C8/-B7 -> 0.16888889
B24: simple payback | C24: =-B19/C8 -> 5.9210526
